 Dungeon Crawl Stone Soup version 0.31.0-11-ge490571c62 (webtiles) character file.

Game seed: 14620494816446945622

117 Aviak the Insei (level 5, 0/31 (36) HPs)
             Began as an Octopode Reaver on Feb 2, 2024.
             Slain by an orc wizard
             ... wielding a +2 dagger of freezing
              (3 damage)
             ... on level 3 of the Dungeon.
             The game lasted 00:02:23 (1756 turns).

Aviak the Insei (Octopode Reaver)                   Turns: 1756, Time: 00:02:24

HP:   0/31 (36)     AC:  1    Str: 12    XL:     5   Next: 1%
MP:   6/8           EV: 13    Int: 15    God:
Gold: 155           SH:  0    Dex: 12    Spells: 7/8 levels left

rFire   . .          .
                       - Unarmed
rCold   . . .        (no shield)
rNeg    . . .        (helmet restricted)
rPois   .            (no amulet)
rElec   .            (no ring)
rCorr   .            (no ring)
SInv    .            (no ring)
Will    .....        (no ring)
Stlth   ++           (no ring)
HPRegen 0.25/turn    (no ring)
MPRegen 0.11/turn    (no ring)
                     (no ring)

%: no passive effects
@: very slightly contaminated, heavily drained
A: almost no armour, amphibious, 8 rings, camouflage 1, gelatinous body 1,
(nimble swimmer 1), tentacles
a: no special abilities


You were on level 3 of the Dungeon.
You visited 1 branch of the dungeon, and saw 4 of its levels.

You collected 155 gold pieces.

Inventory:

Scrolls
 a - 4 scrolls of identify {unknown}
 b - a scroll of teleportation {unknown}
 d - a scroll of brand weapon {unknown}
 g - a scroll of summoning {unknown}
Potions
 c - 2 potions of degeneration {unknown}
 e - a potion of curing {unknown}
 f - a potion of attraction {unknown}


   Skills:
 + Level 3.3 Fighting
 + Level 3.2 Dodging
 + Level 3.9 Unarmed Combat
 - Level 2.0 Spellcasting
 - Level 3.0 Conjurations


You had 7 spell levels left.
You knew the following spells:

 Your Spells              Type           Power      Damage    Failure   Level
a - Kiss of Death         Conj/Necr      24%        2d7       12%         1

Your spell library contained the following spells:

 Spells                   Type           Power      Damage    Failure   Level
 Momentum Strike          Conj/Tloc      12%        3d8       19%         2
 Cigotuvi's Dreadful Rot  Necr/Alch/Air  2%         N/A       32%         2
 Hailstorm                Conj/Ice       6%         3d5       34%         3
 Dispel Undead            Necr           1%         3d6       91%         4
 Martyr's Knell           Necr/Summ      1%         N/A       91%         4
 Death Channel            Necr           0%         N/A       100%        6


Dungeon Overview and Level Annotations

Branches:
Dungeon (4/15)
 Temple: D:4-7

Altars:
Ru


Innate Abilities, Weirdness & Mutations

You cannot wear most types of armour.
You are amphibious.
You can wear up to eight rings at the same time.
Your skin changes colour to match your surroundings (Stealth+).
Your rubbery body absorbs attacks. (AC +1, EV +1)
((You are camouflaged when in or above water. (Stealth+)))
You have tentacles for arms and can constrict up to eight enemies at once.


Message History

You are too confused!
You tentacle-slap the orc wizard. Your squeeze misses the orc wizard.
The orc wizard is lightly wounded.
The orc wizard mumbles some strange words.
The orc wizard flickers and vanishes!
Deactivating autopickup; reactivate with Ctrl-A.
The orc barely misses you.
You bump into the rock wall.
Something barely misses you.
You tentacle-slap the orc. Your squeeze misses the orc.
The orc is heavily wounded.
You feel less confused. Something hits you! Something freezes you.
The orc misses you.
You tentacle-slap the orc. Your grab misses the orc. You squeeze the orc.
You kill the orc!
Something hits you. Something freezes you.
You miss something. Something hits you. Something freezes you.
You tentacle-slap something but do no damage.
Your squeeze misses something. Something hits you. Something freezes you.
* * * LOW HITPOINT WARNING * * *
Casting: Kiss of Death (safe; 12% risk of failure)
Confirm with . or Enter, or press ? or * to list all spells.
Aiming: Kiss of Death (safe; 12% risk of failure)
Press: ? - help, Shift-Dir - straight line The negative energy hits something but does no damage.
You feel drained. Something hits you.
* * * LOW HITPOINT WARNING * * *
Something freezes you.
* * * LOW HITPOINT WARNING * * *
You tentacle-slap something. Something hits you.
* * * LOW HITPOINT WARNING * * *
Something freezes you.
* * * LOW HITPOINT WARNING * * *
Casting: Kiss of Death (safe; 12% risk of failure)
Confirm with . or Enter, or press ? or * to list all spells.
Aiming: Kiss of Death (safe; 12% risk of failure)
Press: ? - help, Shift-Dir - straight line You miscast Kiss of Death.
You are very lightly contaminated with residual magic.
Nothing appears to happen.
Something hits you.
You die...

#..........##
##........##
......##### .)...##
.....# ....## ....#
######## ...>#
##......## ...(#
##......@)## ....#
#.......>{.# ...>#
#..........# ######
#..........# .....##
#..........#
####..###..........#
##.....†.......##
######........##
#..........#


There were no monsters in sight!

Vanquished Creatures
  4 gnolls (D:2)
  An adder (D:2)
  A dart slug (D:1)
  A ribbon worm (D:2)
  An orc (D:3)
  8 ball pythons
  5 bats
  6 endoplasms
  4 giant cockroaches
  3 goblins
  A hobgoblin (D:2)
  8 jackals
  6 kobolds
  3 quokkas (D:1)
  3 frilled lizards
  3 rats
58 creatures vanquished.

Notes
Turn   | Place    | Note
-------+----------+-------------------------------------------
     0 | D:1      | Aviak the Octopode Reaver began the quest for the Orb.
     0 | D:1      | Reached XP level 1. HP: 14/14 MP: 3/3
    70 | D:1      | Reached XP level 2. HP: 18/19 MP: 5/5
   355 | D:1      | Found a faded altar of an unknown god.
   385 | D:1      | Reached XP level 3. HP: 25/25 MP: 6/6
  1003 | D:2      | Reached XP level 4. HP: 12/28 MP: 7/7
  1265 | D:2      | Found a sacrificial altar of Ru.
  1697 | D:3      | Reached XP level 5. HP: 36/36 MP: 8/8
  1756 | D:3      | Slain by an orc wizard

Illustrated notes

Levels and vault maps discovered:
D:1:      heliophobic_arrival_glass_houses, layout_basic,
          shapermc_ecumenical_altar_acropolis
D:2:      layout_rooms, basic_altar
D:3:      layout_rooms
D:4:      layout_rooms, nicolae_sif_muna_little_library,
          gammafunk_temple_overflow_wave

Skill      XL: |  1  2  3  4 |
---------------+-------------+-----
Fighting       | 3 |  3.3
Dodging        | 3 |  3.2
Unarmed Combat | |  3.9
Spellcasting   | |  2.0
Conjurations   | |  3.0

Action                     |  1- 3 |  4- 6 || total
---------------------------+-------+-------++-------
  Melee: Unarmed           |    90 |    39 ||   129
         Constrict         |    25 |     7 ||    32
         Tentacles         |    15 |     7 ||    22
         Punch             |       |     1 ||     1
   Cast: Kiss of Death     |     1 |     1 ||     2
   Stab: Sleeping          |     3 |     2 ||     5
 Armour: Skin              |    38 |    25 ||    63
  Dodge: Dodged            |    59 |    21 ||    80
